cohdb
Replays
Latest Replays
All Replays
Popular Replays
Top Player Replays
Match Explorer
How It Works
Community
CoH3 Stats
Reddit
Sign in to upload your games and track your stats! →
Sign in with Steam
Match 45148696
Unlisted
Match 45148696
Overview
Messages
Build Orders
End
Construct Infanterie Kompanie
Kettenkrad Recon Vehicle
Grenadier Squad
MG 42 Machine Gun Team
Grenadier Squad
MG 42 Machine Gun Team
Selects Terror Battlegroup
Selects Heavy Gunnery
Selects Contempt for the Weak
Medical Bunker
Grenadier Squad
Construct Panzergrenadier Kompanie
Support Elements
Selects Jericho Trumpet
Selects Defend the Fatherland
Construct Panzer Kompanie
Forward Retreat Point
Defend the Fatherland
Pak 40 Anti-tank Gun Team
Selects Propaganda Leaflet Drop
Pak 40 Anti-tank Gun Team
Pioneer Squad
Propaganda Leaflet Drop
STRIKE_IIVI ➽
【嗜血狼族】灵狐魅儿
Kanna Scarlet
插头
(KCC)MGfirst
....
DawarudoDestroya
RUN
0
0
Comments
sign in to comment!
No comments posted yet!